 Dungeon Crawl Stone Soup version 0.31.0-11-ge490571c62 (webtiles) character file.

Game seed: 15225782830173209182

124 Silvore the Trooper (level 4, 0/30 (35) HPs)
             Began as a Demonspawn Fighter on Feb 8, 2024.
             Slain by an orc
             ... wielding a +0 short sword
              (1 damage)
             ... on level 3 of the Dungeon.
             The game lasted 00:02:29 (1745 turns).

Silvore the Trooper (Demonspawn Fighter)            Turns: 1745, Time: 00:02:29

HP:   0/30 (35)     AC: 10    Str: 18    XL:     4   Next: 81%
MP:   4/4           EV:  9    Int:  9    God:
Gold: 121           SH:  0    Dex: 12    Spells: 3/3 levels left

rFire   . . .        a - +0 long sword
rCold   . . .        c - +0 buckler
rNeg    . . .        b - +0 scale mail
rPois   .            (no helmet)
rElec   .            k - +0 cloak
rCorr   .            h - +0 pair of gloves
SInv    .            j - +0 pair of boots
Will    .....        (no amulet) Stlth
                     (no ring)
HPRegen 0.25/turn    (no ring)
MPRegen 0.09/turn

%: no passive effects
@: confused, heavily drained
A: condensation shield
a: no special abilities


You were on level 3 of the Dungeon.
You visited 1 branch of the dungeon, and saw 3 of its levels.

You collected 121 gold pieces.

Inventory:

Hand Weapons
 a - a +0 long sword (weapon)
Armour
 b - a +0 scale mail (worn)
 c - a +0 buckler (worn)
 h - a +0 pair of gloves (worn)
 j - a +0 pair of boots (worn)
 k - a +0 cloak (worn)
Scrolls
 e - a scroll of fear
 n - 2 scrolls of noise
 p - a scroll of identify
Potions
 d - 2 potions of might
 f - a potion of invisibility {unknown}
 g - a potion of brilliance
 i - 2 potions of curing
 l - a potion of lignification
 m - a potion of haste
 o - 3 potions of enlightenment


   Skills:
 + Level 3.3 Fighting
 + Level 3.3 Long Blades
 + Level 3.3 Armour
 + Level 3.3 Shields


You had 3 spell levels left.
You didn't know any spells.
Your spell library was empty.

Dungeon Overview and Level Annotations

Branches:
Dungeon (3/15)

Altars:
Xom


Innate Abilities, Weirdness & Mutations

A meltable shield of frost defends you. (SH +0)


Message History

The orc hits you but does no damage.
You feel drained. The orc barely misses you.
The orc hits you with a +0 short sword. You block the orc wizard's attack.
The orc barely misses you.
The orc hits you with a +1 dagger of draining.
You feel drained.
You hit the orc.
The orc is severely wounded.
The orc hits you but does no damage. You block the orc's attack.
The orc hits you with a +0 flail.
The orc wizard hits you but does no damage.
You block the orc's attack. The orc hits you with a +0 trident.
The orc hits you with a +1 dagger of draining.
You feel drained. The orc closely misses you. The orc hits you with a +0 flail.
The orc wizard gestures at you while chanting.
You are confused.
You hit the orc.
The orc is moderately wounded.
The orc hits you but does no damage. The orc hits you with a +0 short sword.
The orc wizard hits you but does no damage.
The orc hits you but does no damage. The orc closely misses you.
Unknown command.
You hit the orc.
The orc is heavily wounded.
The orc hits you with a +0 trident.
* * * LOW HITPOINT WARNING * * *
The orc barely misses you.
The orc wizard points at you and mumbles some strange words.
The puff of flame hits you.
Your condensation shield dissipates!
* * * LOW HITPOINT WARNING * * *
The orc barely misses you. The orc hits you but does no damage.
You feel drained.
You're too confused to move!
The orc hits you but does no damage. x2
The orc wizard gestures at you while chanting.
The magic dart hits you.
* * * LOW HITPOINT WARNING * * *
The orc hits you but does no damage. The orc closely misses you.
Unknown command.
The orc hits you but does no damage. The orc hits you with a +0 short sword.
You die...

#.#.# .. #.#.#
... #.#.#
#.####.#.#
#........#
###.##.###
####..#.#######
...............
##....o@o......
#....o.o...(..
#.....o.......
#.............
#...........(.
#.............
#.............
#.............
#.##.#######.#


You could see an orc wizard and 4 orcs.

Vanquished Creatures
  4 gnolls (D:2)
  2 adders (D:2)
  A ribbon worm (D:2)
  2 dart slugs (D:1)
  An orc (D:3)
  2 ball pythons
  A bat (D:2)
  An endoplasm (D:1)
  6 giant cockroaches
  8 goblins
  4 hobgoblins
  4 jackals (D:1)
  6 quokkas
  4 frilled lizards
  5 kobolds
  4 rats
55 creatures vanquished.

Notes
Turn   | Place    | Note
-------+----------+-------------------------------------------
     0 | D:1      | Silvore the Demonspawn Fighter began the quest for the Orb.
     0 | D:1      | Reached XP level 1. HP: 18/18 MP: 1/1
   100 | D:1      | Gained mutation: A meltable shield of frost defends you.
                  | (SH +0) [demonic ancestry]
   100 | D:1      | Reached XP level 2. HP: 24/24 MP: 2/2
   394 | D:1      | Reached XP level 3. HP: 28/29 MP: 3/3
   404 | D:1      | Found a faded altar of an unknown god.
   832 | D:2      | Found a shimmering altar of Xom.
  1008 | D:2      | Reached XP level 4. HP: 35/35 MP: 4/4
  1744 | D:3      | HP: 1/30 [orc wizard/magic dart (2)]
  1745 | D:3      | Slain by an orc

Illustrated notes

Levels and vault maps discovered:
D:1:      scummos_arrival_hexagon, layout_loops_ring,
          ebering_ecumenical_altar_box
D:2:      layout_loops_cross, basic_altar
D:3:      layout_basic, serial_shops, nicolae_shop_overgrown_old_shop

Skill      XL: |  1  2  3  4 |
---------------+-------------+-----
Shields        | 3 |  3.3
Long Blades    | 2 3 |  3.3
Armour         | 3 |  3.3
Fighting       | |  3.3

Action                     |  1- 3 |  4- 6 || total
---------------------------+-------+-------++-------
  Melee: Long sword        |   147 |    64 ||   211
    Use: Scroll            |     7 |     1 ||     8
 Armour: Scale mail        |    75 |    53 ||   128
  Dodge: Dodged            |    47 |    28 ||    75
  Block: Buckler           |    66 |    40 ||   106
